 Dungeon Crawl Stone Soup version 0.27-a0-1502-g47ed6a6988 (webtiles) character file.

Game seed: 7162665798151348293

1039 wesbby the Poker (level 8, -20/70 HPs)
             Began as a Minotaur Berserker on July 8, 2021.
             Was an Elder of Trog.
             Demolished by a two-headed ogre (23 damage)
             ... on level 5 of the Dungeon.
             The game lasted 00:06:31 (4567 turns).

wesbby the Poker (Minotaur Berserker)               Turns: 4567, Time: 00:06:32

Health: -20/70     AC: 10    Str: 25    XL:     8   Next: 4%
Magic:  7/7        EV: 11    Int:  4    God:    Trog [****..]
Gold:   238        SH:  0    Dex:  9    Spells: 7/7 levels left

rFire    . . .     SeeInvis .   a - +2 spear (elec)
rCold    . . .     Faith    .   (no shield)
rNeg     . . .     Spirit   .   k - +1 scale mail
rPois    .         Reflect  .   (helmet restricted)
rElec    .         Harm     .   (no cloak)
rCorr    .         Rampage  .   (no gloves)
Will     .....                  g - +0 pair of boots
Stlth    ..........             (no amulet)
HPRegen  0.21/turn              (no ring)
MPRegen  0.10/turn              (no ring)

@: on berserk cooldown, slowed, very slow
A: horns 2, retaliatory headbutt
a: Renounce Religion, Berserk, Trog's Hand, Brothers in Arms


You were on level 5 of the Dungeon.
You worshipped Trog.
Trog was greatly pleased with you.
You visited 1 branch of the dungeon, and saw 5 of its levels.

You collected 238 gold pieces.

Inventory:

Hand Weapons
 a - a +2 spear of electrocution (weapon)
 i - a +0 lajatang
Armour
 b - a +0 animal skin
 f - a +0 ring mail
 g - a +0 pair of boots (worn)
 k - a +1 scale mail (worn)
Jewellery
 h - an amulet of guardian spirit
 l - an amulet of faith
Wands
 j - a wand of polymorph (8)
Potions
 c - a potion of ambrosia
 d - 3 potions of curing
 e - 3 potions of might


   Skills:
 * Level 6.0 Fighting
 * Level 7.7 Polearms
 * Level 7.1 Armour
 + Level 2.9 Dodging
 + Level 1.3 Stealth


You had 7 spell levels left.
You didn't know any spells.
Your spell library was empty.

Dungeon Overview and Level Annotations

Branches:
Dungeon (5/15)             Temple (0/1) D:5

Altars:
Ru


Innate Abilities, Weirdness & Mutations

You have a pair of horns on your head.
You reflexively headbutt those who attack you in melee.


Message History

You are no longer berserk.
You are exhausted.
You feel yourself slow down.
You open the door.
A two-headed ogre comes into view.
It is wielding a +0 dire flail and a +0 giant club.
The two-headed ogre shouts in stereo!
The two-headed ogre moves out of view.
There is an open door here.
A two-headed ogre is nearby!
Okay, then.
You puncture the two-headed ogre!
The two-headed ogre is lightly wounded.
The two-headed ogre barely misses you. You furiously retaliate!
You headbutt the two-headed ogre.
The two-headed ogre hits you with a +0 giant club.
You hit the two-headed ogre but do no damage.
The two-headed ogre is lightly wounded.
The two-headed ogre closely misses you. You furiously retaliate!
You headbutt the two-headed ogre! The two-headed ogre closely misses you.
You hit the two-headed ogre but do no damage.
The two-headed ogre is moderately wounded.
The two-headed ogre hits you with a +0 dire flail!!
The two-headed ogre hits you with a +0 giant club!
You hit the two-headed ogre. You headbutt the two-headed ogre.
The two-headed ogre is heavily wounded.
The two-headed ogre hits you with a +0 dire flail.
The two-headed ogre closely misses you.
Okay, then.
You hit the two-headed ogre but do no damage.
The two-headed ogre is heavily wounded.
The two-headed ogre hits you with a +0 dire flail!
* * * LOW HITPOINT WARNING * * *
The two-headed ogre hits you with a +0 giant club!
* * * LOW HITPOINT WARNING * * *
You hit the two-headed ogre but do no damage.
The two-headed ogre is heavily wounded.
The two-headed ogre hits you with a +0 dire flail!
* * * LOW HITPOINT WARNING * * *
The two-headed ogre hits you with a +0 giant club!!
You die...

*,,,,,,,,,,........# *,,,
*,,,,,,,,,,........# *,,,
*,,,,,*****........# *,,,
*,,,,,* *........##### *,,,
*,,,,,* ####+###.....# ****
******* #......#.....# *
##.....'.....# *
#......#.....# *
#....@##.....#########
##...O#...............
#.....#...............
#.....#...............
****##....#?..............
**,,,*#....+...............
*,,,,,.....#...............
*,,,,......#...............
*,,,,,,,,,,#......†).......


You could see a two-headed ogre.

Vanquished Creatures
  A steam dragon (D:5)
  A water moccasin (D:4)
  A sky beast (D:5)
  An ogre (D:5)
  A centaur (D:4)
  2 scorpions
  A centaur zombie (D:5)
  A jelly (D:5)
  3 hounds
  An orc wizard (D:4)
  A scorpion zombie (D:5)
  6 gnolls
  6 adders
  A shadow imp (D:5)
  An ufetubus (D:5)
  2 adder skeletons (D:4)
  A worm (D:4)
  3 dart slugs
  13 orcs
  4 ball pythons
  8 endoplasms
  2 giant cockroaches
  5 goblins
  8 hobgoblins
  15 jackals
  A quokka (D:4)
  3 bats
  5 frilled lizards
  8 kobolds
  5 rats
  A spectral hobgoblin (D:1)
112 creatures vanquished.

Notes
Turn   | Place    | Note
-------+----------+-------------------------------------------
     0 | D:1      | wesbby the Minotaur Berserker began the quest for the Orb.
     0 | D:1      | Reached XP level 1. HP: 19/19 MP: 0/0
   137 | D:1      | Reached XP level 2. HP: 25/27 MP: 1/1
   496 | D:1      | Reached ** piety under Trog
   500 | D:1      | Reached XP level 3. HP: 30/33 MP: 2/2
   722 | D:1      | Found a faded altar of an unknown god.
  1312 | D:2      | Reached XP level 4. HP: 16/41 MP: 3/3
  1316 | D:2      | Reached skill level 5 in Polearms
  1845 | D:2      | Found a sacrificial altar of Ru.
  2459 | D:4      | Noticed a scorpion
  2463 | D:4      | Killed a scorpion
  2464 | D:4      | Reached skill level 5 in Fighting
  2464 | D:4      | Reached XP level 5. HP: 40/48 MP: 4/4
  2613 | D:4      | Reached *** piety under Trog
  2859 | D:4      | Reached XP level 6. HP: 56/56 MP: 5/5
  3175 | D:4      | Noticed a water moccasin
  3184 | D:4      | Killed a water moccasin
  3185 | D:4      | Reached skill level 1 in Stealth
  3529 | D:4      | Reached skill level 5 in Armour
  3673 | D:5      | Entered Level 5 of the Dungeon
  3707 | D:5      | Found a staircase to the Ecumenical Temple.
  3823 | D:5      | Reached XP level 7. HP: 60/61 MP: 6/6
  4099 | D:5      | Noticed a steam dragon
  4108 | D:5      | Killed a steam dragon
  4535 | D:5      | Reached XP level 8. HP: 70/70 MP: 7/7
  4540 | D:5      | Reached **** piety under Trog
  4559 | D:5      | Noticed a two-headed ogre
  4567 | D:5      | HP: 3/70 [two-headed ogre (11)]
  4567 | D:5      | Demolished by a two-headed ogre

Illustrated notes

Levels and vault maps discovered:
D:1:      ebering_hopf_link, layout_basic,
          dreamdust_ecumenical_altar_drowned_temple
D:2:      layout_basic, basic_altar
D:3:      layout_rooms
D:4:      layout_loops_ring, amcnicky_mini_pool_small, grunt_ministairs_3
D:5:      layout_gridville, minmay_temple_entry_grid, minmay_starry_boxes

Skill      XL: |  1  2  3  4  5  6  7 |
---------------+----------------------+-----
Fighting       | 4 5 6 |  6.0
Polearms       | 4 5 6 7 |  7.7
Armour         | 3 5 7 |  7.1
Stealth        | 1 |  1.3
Dodging        | |  2.9

Action                   |  1- 3 |  4- 6 |  7- 9 || total
-------------------------+-------+-------+-------++-------
Melee: Spear             |    99 |   126 |    51 ||   276
       Headbutt          |    15 |    12 |     5 ||    32
Invok: Berserk           |       |     3 |     2 ||     5
  Use: Scroll            |       |    13 |       ||    13
       Potion            |       |     4 |     1 ||     5
 Stab: Sleeping          |     2 |       |       ||     2
Armor: Animal skin       |     6 |       |       ||     6
       Ring mail         |     5 |       |       ||     5
       Scale mail        |       |    35 |    18 ||    53
Dodge: Dodged            |    36 |    40 |    11 ||    87

Table legend: (Time is in decaauts)
 A = Elapsed time spent in this place.
 B = Non-inter-level travel time spent in this place.
 C = Inter-level travel time spent in this place.
 D = Time resting spent in this place.
 E = Time spent auto-exploring this place.
 F = Levels seen in this place.
 G = Mean time per level.
                   A        B        C        D        E       F      G
               +--------+--------+--------+--------+--------+-----+--------+
         Total |   4573 |   4441 |    132 |    579 |   3335 |   5 |  914.6 |
       Dungeon |   4573 |   4441 |    132 |    579 |   3335 |   5 |  914.6 |
               +--------+--------+--------+--------+--------+-----+--------+

Top non-repeatable levels by time:
     D:4: 1214 daAuts
     D:1: 1052 daAuts
     D:2: 1018 daAuts
     D:5: 900 daAuts
     D:3: 387 daAuts
